 Dungeon Crawl Stone Soup version 0.27-a0-1525-g1038ab4fd7 (webtiles) character file.

Game seed: 12625594865130790142

1793 wakim the Ruffian (level 8, 0/118 HPs)
             Began as a Troll Berserker on July 10, 2021.
             Was a Priest of Trog.
             Slain by a gnoll sergeant (2 damage)
             ... on level 5 of the Dungeon.
             The game lasted 00:11:20 (4363 turns).

wakim the Ruffian (Troll Berserker)                 Turns: 4363, Time: 00:11:21

Health: 0/118      AC:  5    Str: 26    XL:     8   Next: 82%
Magic:  7/7        EV: 11    Int: 11    God:    Trog [***...]
Gold:   296        SH:  0    Dex:  9    Spells: 7/7 levels left

rFire    . . .     SeeInvis .     - Unarmed
rCold    . . .     Faith    .   (no shield)
rNeg     . . .     Spirit   .   i - +0 robe
rPois    .         Reflect  .   (helmet restricted)
rElec    .         Harm     .   a - +0 cloak
rCorr    +         Rampage  .   (gloves unavailable)
Will     ++...                  (boots unavailable)
Stlth    ..........             j - amulet of regeneration
HPRegen  3.29/turn              f - +6 ring of intelligence
MPRegen  0.10/turn              k - ring of resist corrosion

@: berserking, lethally poisoned (0 -> -7), strong-willed, regenerating, very
quick
A: large, unfitting armour, claws 3, regeneration 1, shaggy fur 1, tough skin 1
a: Renounce Religion, Berserk, Trog's Hand


You were on level 5 of the Dungeon.
You worshipped Trog.
Trog was most pleased with you.
You visited 1 branch of the dungeon, and saw 5 of its levels.

You collected 296 gold pieces.

Inventory:

Missiles
 c - 23 poisoned darts (quivered)
 m - a curare-tipped dart {=f}
 o - a throwing net {=f!f}
Armour
 a - a +0 cloak (worn)
 i - a +0 robe (worn)
Jewellery
 f - a +6 ring of intelligence (left claw)
 j - an amulet of regeneration (around neck)
 k - a ring of resist corrosion (right claw)
Wands
 x - a wand of charming (11)
 y - a wand of paralysis (9)
Scrolls
 e - a scroll of brand weapon {unknown}
 h - a scroll of amnesia {unknown}
 l - a scroll of teleportation {unknown}
 n - a scroll of acquirement {unknown}
 r - 3 scrolls of identify
Potions
 b - a potion of magic {unknown}
 d - a potion of invisibility {unknown}
 g - a potion of mutation {unknown}
 B - 2 potions of attraction {!q}
 F - 3 potions of curing
 J - 2 potions of heal wounds


   Skills:
 + Level 4.6 Fighting
 + Level 3.6 Throwing
 * Level 6.1 Dodging
 * Level 7.3 Unarmed Combat


You had 7 spell levels left.
You didn't know any spells.
Your spell library was empty.

Dungeon Overview and Level Annotations

Branches:
Dungeon (5/15)
 Temple: D:4-7

Altars:

Shops:
D:1 *   D:2 (   D:5 =


Innate Abilities, Weirdness & Mutations

You are too large for most types of armour.
You have claws for hands.
Your natural rate of healing is unusually fast.
You are covered in fur. (AC +1)
You have tough skin. (AC +1)


Message History

You are more poisoned.
The gnoll sergeant closely misses you. The gnoll barely misses you.
The gnoll sergeant barely misses you.
Unknown command.
A red film seems to cover your vision as you go berserk!
You feel yourself moving faster!
You feel mighty!
You feel very sick.
The gnoll sergeant hits you with a +1 spear of venom.
You are more poisoned.
The gnoll hits you from afar with a +0 halberd!
* * * LOW HITPOINT WARNING * * *
The gnoll sergeant hits you from afar with the +7 spear of Responsibility {venom, *Noise rN+ SInv Stlth+}!
* * * LOW HITPOINT WARNING * * *
You are more poisoned.
The gnoll sergeant barely misses you.
You claw the gnoll sergeant!
The gnoll sergeant is heavily wounded.
You feel very sick.
The gnoll sergeant hits you with a +1 spear of venom!
* * * LOW HITPOINT WARNING * * *
The gnoll sergeant closely misses you.
The gnoll hits you from afar with a +0 halberd!
* * * LOW HITPOINT WARNING * * *
You are too berserk!
You scratch the gnoll sergeant.
The gnoll sergeant is severely wounded.
You feel very sick.
The gnoll sergeant completely misses you.
The gnoll sergeant barely misses you. The gnoll sergeant blocks your attack.
The gnoll sergeant is severely wounded.
You feel very sick. The gnoll closely misses you.
The gnoll sergeant hits you from afar with the +7 spear of Responsibility {venom, *Noise rN+ SInv Stlth+}.
* * * LOW HITPOINT WARNING * * *
You are more poisoned.
The gnoll sergeant hits you with a +1 trident of freezing!
* * * LOW HITPOINT WARNING * * *
The gnoll sergeant freezes you.
You die...

#.≈≈#!#.#.###.§.###.#.#.#≈≈.
#.≈≈#...###.#####.###...#≈≈.
##.≈≈###...............###≈≈.
#..≈≈.8#.##'###'######.#8.≈≈.
#..≈≈.##.#...#g.8# g$#.##.≈≈.
#:.≈≈.#..'.g..(g⌠# $'..#.≈≈.
#..≈≈.##.#ggg#..8# ..#.##.≈≈.
#..≈≈.8#.##g###'######.#8.≈≈.
#..≈≈###....@.gg....g..###≈≈.
#..≈≈#...###g#####.###..g#≈≈.
#..≈≈#.#.#.###.©.###.#.#.#≈≈.
#..≈≈#####...........#####≈≈.
#..≈≈≈≈≈≈≈≈≈≈≈≈≈≈≈≈≈≈≈≈≈≈≈≈≈.
#..≈≈≈≈≈≈≈≈≈≈≈≈≈≈≈≈≈≈≈≈≈≈≈≈≈.
#............................
#.###.######....#.....+....##
#...............#######....##


You could see 3 gnoll sergeants, a gnoll shaman and 4 gnolls.

Vanquished Creatures
  Pikel (D:5)
  2 centaur zombies (D:5)
  The ghost of ma3 the Ducker, an amateur FeTm of Qazlal (D:5)
  2 ogres (D:5)
  A centaur (D:4)
  A kobold brigand (D:5)
  2 scorpions (D:5)
  A water moccasin zombie (D:5)
  A hound (D:5)
  A jelly (D:4)
  An orc priest (D:5)
  A bullfrog skeleton (D:5)
  An iguana (D:5)
  An orc wizard (D:5)
  6 adders
  4 gnolls (D:3)
  A worm (D:4)
  2 dart slugs
  8 orcs
  10 endoplasms
  2 giant cockroaches (D:1)
  5 goblins
  6 hobgoblins
  5 jackals
  12 kobolds
  3 quokkas
  5 ball pythons
  7 bats
  6 frilled lizards
  4 rats
103 creatures vanquished.

Vanquished Creatures (others)
  6 plants (D:5)
6 creatures vanquished.

Grand Total: 109 creatures vanquished

Notes
Turn   | Place    | Note
-------+----------+-------------------------------------------
     0 | D:1      | wakim the Troll Berserker began the quest for the Orb.
     0 | D:1      | Reached XP level 1. HP: 22/22 MP: 0/0
    25 | D:1      | You fall into a shaft and drop 1 floor!
    98 | D:1      | Reached XP level 2. HP: 26/29 MP: 1/1
   432 | D:1      | Reached XP level 3. HP: 36/36 MP: 2/2
   632 | D:1      | Found Edgheun's General Store.
   650 | D:1      | Reached ** piety under Trog
   760 | D:2      | Found Roxzeppegg's Weapon Shoppe.
   942 | D:2      | Found a faded altar of an unknown god.
   989 | D:2      | Reached XP level 4. HP: 40/44 MP: 3/3
   990 | D:2      | Reached skill level 4 in Unarmed Combat
  2137 | D:3      | Reached XP level 5. HP: 41/47 MP: 4/4
  2321 | D:3      | Reached *** piety under Trog
  2620 | D:4      | Noticed a centaur
  2623 | D:4      | Killed a centaur
  2624 | D:4      | Reached skill level 1 in Throwing
  2923 | D:4      | Reached XP level 6. HP: 61/61 MP: 5/5
  3168 | D:5      | Entered Level 5 of the Dungeon
  3175 | D:5      | Reached skill level 5 in Unarmed Combat
  3257 | D:5      | Reached XP level 7. HP: 67/68 MP: 6/6
  3379 | D:5      | Noticed Pikel
  3394 | D:5      | Killed Pikel
  3395 | D:5      | Reached skill level 5 in Dodging
  3395 | D:5      | Reached skill level 6 in Unarmed Combat
  3395 | D:5      | Reached XP level 8. HP: 78/78 MP: 7/7
  3569 | D:5      | Found a transporter.
  3584 | D:5      | Identified the +7 spear of Responsibility {venom, *Noise
                  | rN+ SInv Stlth+}
  3624 | D:5      | Found a transporter.
  3661 | D:5      | Found Molloch's Jewellery Emporium.
  3854 | D:5      | Noticed ma3's ghost (amateur FeTm)
  3983 | D:5      | Reached skill level 7 in Unarmed Combat
  4264 | D:5      | Identified the ring of Hopehyux {rF+ Will- Str+2 Int+9}
  4297 | D:5      | Killed ma3's ghost
  4363 | D:5      | HP: 2/118 [gnoll sergeant (10)]
  4363 | D:5      | Slain by a gnoll sergeant

Illustrated notes

Levels and vault maps discovered:
D:1:      sevenhm_arrival_forest_fort_large_1, layout_basic, serial_shops, shop
D:2:      minmay_alternating_diamond, layout_basic, serial_shops, shop,
          shapermc_ecumenical_altar_pompeii
D:3:      layout_loops_corners
D:4:      layout_loops_cross, serial_bayou_pond_e
D:5:      layout_gridville, serial_shops, shop_fountains,
          gammafunk_ghost_gnarly_gnolls, uniq_pikel

Skill      XL: |  1  2  3  4  5  6  7  8 |
---------------+-------------------------+-----
Dodging        | 3 4 5 6 |  6.1
Unarmed Combat | 4 5 6 7 |  7.3
Fighting       | 3 4 |  4.6
Throwing       | 1 2 3 |  3.6

Action                   |  1- 3 |  4- 6 |  7- 9 || total
-------------------------+-------+-------+-------++-------
Melee: Unarmed           |    95 |   113 |    79 ||   287
       Punch             |     2 |     2 |     2 ||     6
Invok: Berserk           |       |       |     4 ||     4
       Trog's Hand       |       |       |     3 ||     3
  Use: Scroll            |       |     4 |       ||     4
 Stab: Sleeping          |     2 |     1 |       ||     3
Armor: Animal skin       |    32 |    17 |       ||    49
       Robe              |       |    44 |    20 ||    64
Dodge: Dodged            |    47 |    44 |    46 ||   137

Table legend: (Time is in decaauts)
 A = Elapsed time spent in this place.
 B = Non-inter-level travel time spent in this place.
 C = Inter-level travel time spent in this place.
 D = Time resting spent in this place.
 E = Time spent auto-exploring this place.
 F = Levels seen in this place.
 G = Mean time per level.
                   A        B        C        D        E       F      G
               +--------+--------+--------+--------+--------+-----+--------+
         Total |   4378 |   3970 |    408 |     31 |   3058 |   5 |  875.6 |
       Dungeon |   4378 |   3970 |    408 |     31 |   3058 |   5 |  875.6 |
               +--------+--------+--------+--------+--------+-----+--------+

Top non-repeatable levels by time:
     D:5: 1214 daAuts
     D:3: 990 daAuts
     D:2: 798 daAuts
     D:1: 769 daAuts
     D:4: 605 daAuts
